 Dungeon Crawl Stone Soup version 0.30.1-3-gfc49f6343a (webtiles) character file.

Game seed: 17507051196021057530

119562 Almogavar the Warrior (level 16, -2/165 HPs)
             Began as a Minotaur Berserker on July 26, 2023.
             Was a High Priest of Trog.
             Slain by a merfolk aquamancer
             ... wielding a +5 rapier of electrocution
              (8 damage)
             ... on level 1 of the Shoals on July 28, 2023.
             The game lasted 01:44:36 (34397 turns).

Almogavar the Warrior (Minotaur Berserker)         Turns: 34397, Time: 01:44:37

Health: -2/165     AC: 19    Str: 28    XL:     16   Next: 28%
Magic:  0/5        EV: 26    Int:  7    God:    Trog [*****.]
Gold:   2423       SH:  0    Dex: 13    Spells: 15/15 levels left

rFire   + . .        j - +6 great sword (antimagic)
rCold   . . .        (shield currently unavailable)
rNeg    . . .        X - +2 chain mail {rF+}
rPois   .            D - +2 hat
rElec   .            f - scarf {shadows}
rCorr   .            e - +1 pair of gloves
SInv    .            m - +0 pair of boots
Will    +....        k - amulet of guardian spirit Stlth
                     P - +5 ring of evasion
HPRegen 0.47/turn    U - +5 ring of evasion
MPRegen 0.09/turn

%: guardian spirit
@: lethally poisoned (-2 -> -4), marked, engulfed (cannot breathe), very slow
A: horns 2, retaliatory headbutt, agile 1, clever 1
a: Renounce Religion, Berserk, Trog's Hand, Brothers in Arms


You were on level 1 of the Shoals.
You worshipped Trog.
Trog was extremely pleased with you.
You visited 4 branches of the dungeon, and saw 23 of its levels.
You also visited: Ice Cave and Volcano.

You collected 3020 gold pieces.
You spent 597 gold pieces at shops.

Inventory:

Hand Weapons
 j - a +6 antimagic great sword (weapon)
 l - the +10 trident "Zaadydiu" {heavy, Will+ Int+4}
   (You found it on level 5 of the Lair of Beasts)

   Int:       It affects your intelligence (+4).
   Will:      It increases your willpower.
 H - a +1 sling of freezing
 N - a +4 scimitar of flaming
 R - a +0 scimitar of holy wrath
Missiles
 n - 207 stones (quivered)
 r - 5 throwing nets
 t - 7 silver boomerangs
 w - 30 boomerangs
 Q - 16 boomerangs of dispersal
Armour
 e - a +1 pair of gloves (worn)
 f - a scarf of shadows (worn)
 m - a +0 pair of boots (worn)
 s - +0 steam dragon scales
 u - a +1 crystal plate armour of cold resistance
 v - a +2 scale mail of cold resistance
 A - a +2 buckler
 D - a +2 hat (worn)
 T - +0 acid dragon scales
 W - a +1 plate armour of poison resistance
 X - a +2 chain mail of fire resistance (worn)
Jewellery
 k - an amulet of guardian spirit (around neck)
 O - the ring of Zeoch {rF++ rCorr}
   (You bought it in a shop on level 1 of the Shoals)

   [ring of resist corrosion]

   rF:        It greatly protects you from fire.
   rCorr:     It protects you from acid and corrosion.
 P - a +5 ring of evasion (left hand)
 U - a +5 ring of evasion (right hand)
 Y - a ring of poison resistance
Wands
 b - a wand of roots (13)
 y - a wand of paralysis (40)
 B - a wand of polymorph (4)
 G - a wand of flame (45)
 J - a wand of digging (11)
 Z - a wand of mindburst (5)
Scrolls
 c - 3 scrolls of fog
 d - 4 scrolls of blinking
 i - 3 scrolls of magic mapping
 p - a scroll of fear
 z - 3 scrolls of silence
 E - 17 scrolls of teleportation
 K - 3 scrolls of amnesia
 L - 4 scrolls of enchant armour
Potions
 a - 4 potions of flight
 g - 9 potions of curing
 h - 2 potions of haste
 q - 2 potions of invisibility
 x - 11 potions of might
 C - 6 potions of ambrosia
 F - 2 potions of mutation
 I - 2 potions of heal wounds {unknown}
 M - 3 potions of resistance
 S - 5 potions of berserk rage {unknown}
 V - 3 potions of cancellation {unknown}
Miscellaneous
 o - a lightning rod (4/4)


   Skills:
 + Level 20.7 Fighting
 - Level 20.6 Long Blades
 - Level 0.2 Maces & Flails
 - Level 0.1 Polearms
 + Level 2.0 Ranged Weapons
 - Level 9.0 Armour
 + Level 16.2 Dodging
 + Level 2.4 Evocations


You had 15 spell levels left.
You didn't know any spells.
Your spell library was empty.

Dungeon Overview and Level Annotations

Branches:
Dungeon (15/15)            Temple (0/1) D:5            Lair (5/5) D:11
 Shoals (1/4) Lair:3        Snake (0/4) Lair:3        Slime (0/5) Lair:5
    Orc (2/2) D:9             Elf (0/3) Orc:2        Vaults (0/5) D:13
 Depths (0/4) D:15          IceCv (visited)         Volcano (visited)

Altars:
Cheibriados
Elyvilon
Fedhas
Gozag
Hepliaklqana
Kikubaaqudgha
Okawaru
Qazlal
Trog
Uskayaw
Vehumet
Xom
Yredelemnul
Jiyva

Shops:
D:4 :   D:5 ?   D:7 [(*   D:9 (   D:12 *   D:14 =   D:15 ?   Orc:1 *[:
Orc:2 [(([   Shoals:1 =

Portals:
Trove: D:12 (give 7 potions of haste)


Innate Abilities, Weirdness & Mutations

You have a pair of horns on your head.
You reflexively headbutt those who attack you in melee.
You are agile. (Dex +4, Str/Int -1)
Your mind is acute. (Int +4, Str/Dex -1)


Message History

The merfolk aquamancer is lightly wounded.
Your lungs strain for air!
You feel sick.
The merfolk aquamancer's magic is no longer disrupted.
The water nymph points at you and mumbles some strange words.
The water swirls and strikes you!
The merfolk aquamancer hits you but does no damage.
You are electrocuted!
* * * LOW HITPOINT WARNING * * *
The water elemental hits the plant!!
The water elemental closely misses you.
You slash the merfolk aquamancer!
The merfolk aquamancer's magic leaks into the air.
The merfolk aquamancer is moderately wounded.
* * * LOW HITPOINT WARNING * * *
Your lungs strain for air!
You feel sick.
The merfolk aquamancer's magic is no longer disrupted.
The merfolk completely misses you. You furiously retaliate!
You headbutt the merfolk!! The water nymph casts a spell at you.
The water swirls and strikes you!
* * * LOW HITPOINT WARNING * * *
The merfolk aquamancer gestures at you while chanting.
The torrent of water misses you.
The wave splashes down.
The water elemental hits the plant.
Okay, then.
You cannot read scrolls while unable to breathe!
Unknown command.
Okay, then.
You cannot read scrolls while unable to breathe!
Unknown command.
It was a potion of mutation.
You feel extremely strange.
You feel agile.
You feel clever.
* * * LOW HITPOINT WARNING * * *
Your lungs strain for air!
You feel sick.
A nearby plant withers and dies.
The water elemental misses you. The merfolk hits you with a +0 trident!
* * * LOW HITPOINT WARNING * * *
The merfolk aquamancer hits you with a +5 rapier of electrocution!
You die...

≈≈≈≈≈≈≈≈≈≈~~~...~....~~~...~..###
≈≈≈≈≈≈≈≈≈≈≈≈~~P..~~.~≈~.....~....
≈≈≈≈≈≈≈~~~≈≈~~P~~~~~~≈~~..#......
≈≈≈≈≈≈~..P~PP~~~~~~~~~~~.....~~.
~~~~~~~~~~~~~~~~~~.~~~~~~
P~~P~P~P~~~~~~~~~~~~~P.
P~PPPm~P~~~~≈≈~~~~~PP.#
~~.~~m(~.~~≈≈≈≈≈≈≈~PP.#
.P#m@~..~≈≈≈≈≈≈≈P~P..
.~PPEE~~~~~~≈≈≈≈≈P~PPP.
..~~~.P~~~~~~~≈≈≈~~P.P.
~$~~~PP~~P~~~P≈≈≈~P~.PP
...~P~~~~~~~~~≈≈P~PP..#
##...~~~~~~~≈≈≈≈P.PP.P#
#^..~~~~~~~≈≈≈≈~~~P~P.
...~~~~~~~≈≈≈≈PP.~~P.
.~~~~~~~≈≈≈≈≈~...~..


You could see a merfolk aquamancer, a merfolk, 2 water elementals and a water
nymph.

Vanquished Creatures
  Rupert (D:15)
  An orc warlord (Orc:2)
  A stone giant (D:15)
  A red draconian (Volcano)
  A fire dragon (Lair:5)
  Josephine (Lair:3)
  An ice dragon (Lair:2)
  10 hydras
  A merfolk avatar (Shoals:1)
  A catoblepas (Lair:1)
  6 centaur warriors
  A two-headed ogre (D:11)
  6 boulder beetles
  2 tengu warriors (D:15)
  6 death yaks
  An orc high priest (Orc:2)
  2 skysharks
  The ghost of ripuliukko the Thaumaturge, a novice DEEE of Vehumet (D:10)
  A skeletal warrior (D:13)
  A salamander mystic (Volcano)
  A sea snake (Shoals:1)
  A bog body (IceCv)
  A glowing orange brain (D:10)
  A swamp dragon (shapeshifter) (D:15)
  9 slime creatures
  4 lindwurms
  Pikel (D:7)
  6 orc knights
  A necromancer (IceCv)
  2 deep elf pyromancers
  5 ugly things (D:14)
  4 orc sorcerers
  7 salamanders
  8 cyclopes
  2 fauns (Shoals:1)
  A wolf spider (Lair:5)
  4 merfolk sirens (Shoals:1)
  6 elephants (Lair:4)
  11 manticores
  11 torpor snails
  2 ice statues (IceCv)
  14 black mambas
  A guardian serpent (Lair:5)
  A water nymph (Lair:3)
  2 unseen horrors (D:12)
  A gargoyle (D:12)
  2 centaur skeletons (D:13)
  3 yaktaurs
  15 cane toads
  2 freezing wraiths
  2 efreet
  2 rime drakes
  9 komodo dragons
  4 ice devils (IceCv)
  A kobold demonologist (D:13)
  2 anaconda simulacra (IceCv)
  A polar bear (D:11)
  4 tyrant leeches (Lair:5)
  Grinder (D:5)
  4 trolls
  A wind drake (Shoals:1)
  Prince Ribbit (D:6)
  26 blink frogs
  10 hornets
  9 dream sheep
  A centaur simulacrum (D:14)
  3 wraiths (Lair:3)
  Sigmund (D:6)
  12 wyverns
  A vampire (D:11)
  2 dire elephant simulacra (IceCv)
  26 yaks
  A fire elemental (Lair:4)
  8 vampire mosquitoes
  2 basilisks
  2 steam dragons
  A redback (shapeshifter) (D:14)
  A death yak simulacrum (IceCv)
  Edmund (D:6)
  2 harpy simulacra (IceCv)
  3 acid dragons
  4 hydra simulacra (IceCv)
  6 wargs
  49 water moccasins
  Duvessa (D:4)
  5 ice beasts (D:11)
  A black bear (D:5)
  43 orc warriors
  11 centaurs
  13 wolves
  5 ogres
  A lemure (D:7)
  10 kobold brigands
  2 gnoll sergeants (D:7)
  12 bullfrogs
  2 scorpions (D:6)
  A cane toad simulacrum (Lair:3)
  12 wights
  Dowan (D:4)
  7 electric eels
  3 howler monkeys
  4 lava snakes (Lair:3)
  4 hounds
  16 jellies
  Crazy Yiuf (D:4)
  23 orc priests
  A sleepcap (D:7)
  5 iguanas
  Natasha (thrice) (D:2)
  36 orc wizards
  A troll simulacrum (IceCv)
  4 polar bear simulacra
  21 adders
  17 gnolls
  A naga simulacrum (IceCv)
  A shadow imp (D:6)
  2 white imps
  An ufetubus (D:6)
  A dart slug (D:3)
  101 orcs
  4 bats
  7 endoplasms
  3 giant cockroaches
  9 goblins
  5 hobgoblins
  5 quokkas
  4 ball pythons
  2 frilled lizards
  27 kobolds
  8 rats
  A butterfly (Lair:1)
826 creatures vanquished.

Vanquished Creatures (collateral kills)
  A boulder beetle (D:11)
  A tengu warrior (D:13)
  The ghost of engelados the Thaumaturge, a journeyman DECj of Vehumet (D:11)
  A deep elf knight (D:13)
  A deep elf zephyrmancer (D:13)
  A cyclops (D:11)
  2 centaur skeletons (D:13)
  2 yaktaurs (D:13)
10 creatures vanquished.

Vanquished Creatures (others)
  A vampire (D:11)
  A gnoll bouda (D:8)
  A gnoll (D:8)
3 creatures vanquished.

Grand Total: 839 creatures vanquished

Notes
Turn   | Place    | Note
-------+----------+-------------------------------------------
     0 | D:1      | Almogavar the Minotaur Berserker began the quest for the
                  | Orb.
     0 | D:1      | Reached XP level 1. HP: 19/19 MP: 0/0
   215 | D:1      | Reached XP level 2. HP: 19/27 MP: 1/1
   762 | D:1      | Reached ** piety under Trog
  1056 | D:2      | Found a faded altar of an unknown god.
  1201 | D:2      | Reached XP level 3. HP: 32/33 MP: 2/2
  1232 | D:2      | Noticed Natasha
  1240 | D:2      | Killed Natasha
  1447 | D:2      | Noticed Natasha
  1455 | D:2      | Killed Natasha
  1456 | D:2      | Reached XP level 4. HP: 27/41 MP: 3/3
  1571 | D:2      | Noticed Natasha
  1578 | D:2      | Killed Natasha
  1682 | D:2      | Reached skill level 5 in Long Blades
  2042 | D:3      | Reached XP level 5. HP: 47/47 MP: 4/4
  2447 | D:3      | Reached skill level 5 in Fighting
  2801 | D:3      | Reached XP level 6. HP: 56/56 MP: 5/5
  2818 | D:3      | Found a blossoming altar of Fedhas.
  2829 | D:3      | Found a bloodstained altar of Trog.
  3029 | D:3      | Found a basalt altar of Yredelemnul.
  3158 | D:4      | Identified the +0 ring mail of Poor Excuses {Str+3}
  3190 | D:4      | Found Quneit's Vocational Training.
  3627 | D:4      | Noticed Duvessa
  3627 | D:4      | Noticed Dowan
  3634 | D:4      | Killed Duvessa
  3639 | D:4      | Killed Dowan
  3639 | D:4      | Reached *** piety under Trog
  3855 | D:4      | Found a runed translucent door.
  3856 | D:4      | Noticed Crazy Yiuf
  3943 | D:4      | Killed Crazy Yiuf
  3944 | D:4      | Reached XP level 7. HP: 62/62 MP: 6/6
  4013 | D:5      | Entered Level 5 of the Dungeon
  4139 | D:5      | Found a staircase to the Ecumenical Temple.
  4250 | D:5      | Found Aleumpit's Magic Scroll Boutique.
  4253 | D:5      | Bought a scroll of identify for 28 gold pieces
  4406 | D:5      | Noticed Grinder
  4425 | D:5      | Killed Grinder
  5168 | D:6      | Reached XP level 8. HP: 36/71 MP: 7/7
  5171 | D:6      | Reached skill level 5 in Dodging
  5451 | D:6      | Reached skill level 5 in Armour
  5491 | D:6      | Noticed Prince Ribbit
  5504 | D:6      | Killed Prince Ribbit
  5667 | D:6      | Noticed Sigmund
  5681 | D:6      | Killed Sigmund
  5684 | D:6      | Noticed Edmund
  5705 | D:6      | Killed Edmund
  6433 | D:7      | Reached XP level 9. HP: 49/79 MP: 8/8
  6535 | D:7      | Found Oguot's Assorted Antiques.
  6722 | D:7      | Found Wocets's Antique Armour Boutique.
  6788 | D:7      | Noticed Pikel
  6798 | D:7      | Killed Pikel
  6799 | D:7      | Reached skill level 10 in Long Blades
  8097 | D:7      | Found Tatoigga's Antique Weapon Boutique.
  8566 | D:8      | Reached **** piety under Trog
  8741 | D:8      | Reached XP level 10. HP: 78/90 MP: 9/9
  9278 | D:8      | Found an ancient bone altar of Kikubaaqudgha.
  9289 | D:8      | Found an iron altar of Okawaru.
  9562 | D:8      | Found a hide-covered altar of Uskayaw.
  9887 | D:8      | Found a radiant altar of Vehumet.
  9899 | D:8      | Found a hazy altar of Hepliaklqana.
 10709 | D:9      | Found a staircase to the Orcish Mines.
 10862 | D:9      | Found Ydeutobb's Antique Weapon Boutique.
 11341 | Orc:1    | Entered Level 1 of the Orcish Mines
 11341 | Orc:1    | Noticed an orc knight
 11496 | Orc:1    | Killed an orc knight
 11504 | Orc:1    | Reached skill level 10 in Fighting
 11600 | Orc:1    | Noticed an orc sorcerer
 11601 | Orc:1    | Noticed an orc knight
 11601 | Orc:1    | Noticed an orc knight
 11603 | Orc:1    | Noticed an orc sorcerer
 11621 | Orc:1    | Noticed a rust devil
 11625 | D:9      | Noticed a soul eater
 11632 | D:9      | Killed an orc sorcerer
 11640 | D:9      | Killed an orc knight
 11826 | D:9      | Killed an orc knight
 11827 | D:9      | Reached XP level 11. HP: 32/101 MP: 10/10
 12048 | Orc:1    | Killed an orc sorcerer
 12127 | Orc:1    | Found Lisazof's Book Shop.
 12130 | Orc:1    | Found Xonop's Assorted Antiques.
 12130 | Orc:1    | Found Wel Fong's Antique Armour Shop.
 12322 | Orc:1    | Reached ***** piety under Trog
 12905 | Orc:2    | Entered Level 2 of the Orcish Mines
 13112 | Orc:2    | Found a staircase to the Elven Halls.
 13426 | Orc:2    | Received a gift from Trog
 13623 | Orc:2    | Reached skill level 10 in Dodging
 13679 | Orc:2    | Noticed an orc sorcerer
 13694 | Orc:2    | Killed an orc sorcerer
 13699 | Orc:2    | Found Jisheq's Armour Shop.
 13969 | Orc:2    | Noticed an orc warlord
 14460 | Orc:2    | Killed an orc warlord
 14756 | Orc:2    | Noticed an orc knight
 14776 | Orc:2    | Killed an orc knight
 14786 | Orc:2    | Found Syrhiut's Weapon Shop.
 14857 | Orc:2    | Noticed an orc high priest
 14868 | Orc:2    | Killed an orc high priest
 14940 | Orc:2    | Reached XP level 12. HP: 88/112 MP: 11/11
 15043 | Orc:2    | Found Leesch's Antique Armour Shoppe.
 15044 | Orc:2    | Found Kourypt's Antique Weapon Emporium.
 15172 | D:10     | Entered Level 10 of the Dungeon
 15210 | D:10     | Found a runed translucent gate.
 15211 | D:10     | Found a runed translucent gate.
 15212 | D:10     | Found a runed translucent gate.
 15213 | D:10     | Noticed ripuliukko's ghost (novice DEEE)
 15341 | D:10     | Received a gift from Trog
 15352 | D:10     | Killed ripuliukko's ghost
 15468 | D:10     | Found a viscous altar of Jiyva.
 15937 | D:10     | Found a shimmering altar of Xom.
 16141 | D:10     | Found a white marble altar of Elyvilon.
 16540 | D:11     | Found a runed translucent gate.
 16541 | D:11     | Found a runed translucent gate.
 16541 | D:11     | Found an opulent altar of Gozag.
 16542 | D:11     | Found a runed translucent gate.
 16545 | D:11     | Noticed a boulder beetle
 16549 | D:11     | Noticed a boulder beetle
 16577 | D:11     | Noticed a two-headed ogre
 16577 | D:11     | Noticed engelados's ghost (journeyman DECj)
 16581 | D:11     | Killed a boulder beetle
 16593 | D:11     | Killed a two-headed ogre
 17020 | D:11     | Found a staircase to the Lair.
 17021 | D:11     | Identified the +2 robe of Instinct {rPois Str-2 Int+6}
 17038 | D:11     | Found an ancient bone altar of Kikubaaqudgha.
 17511 | D:11     | Killed engelados's ghost
 17514 | D:11     | Killed a boulder beetle
 17577 | Lair:1   | Entered Level 1 of the Lair of Beasts
 18116 | Lair:1   | Reached XP level 13. HP: 123/125 MP: 12/12
 18238 | Lair:1   | Reached skill level 15 in Fighting
 18442 | Lair:1   | Identified the +5 trident of Instinct {drain, Drain +Blink
                  | rPois Stlth+}
 19766 | Lair:2   | Received a gift from Trog
 20357 | Lair:2   | Reached skill level 15 in Long Blades
 20984 | Lair:3   | Found a staircase to the Snake Pit.
 21024 | Lair:3   | Found a frozen archway.
 21038 | IceCv    | Entered an ice cave
 21471 | IceCv    | Reached skill level 1 in Evocations
 21534 | IceCv    | Reached skill level 15 in Dodging
 22901 | Lair:3   | Found a snail-covered altar of Cheibriados.
 23007 | Lair:3   | Reached XP level 14. HP: 137/137 MP: 4/13
 23009 | Lair:3   | Noticed Josephine
 23022 | Lair:3   | Killed Josephine
 23148 | Lair:3   | Found a staircase to the Shoals.
 23904 | Lair:3   | Found a stormy altar of Qazlal.
 24413 | Lair:4   | Found a dark tunnel.
 24420 | Volcano  | Entered a volcano
 24606 | Volcano  | Found a burning altar of Makhleb.
 26329 | Lair:5   | Entered Level 5 of the Lair of Beasts
 26868 | Lair:5   | Reached ****** piety under Trog
 26868 | Lair:5   | Identified the +8 great sword of Fosuoh {flame, Dex+4}
                  | (Trog gifted it to you on level 5 of the Lair of Beasts)
 26868 | Lair:5   | Received a gift from Trog
 27012 | Lair:5   | Found a staircase to the Slime Pits.
 27013 | Lair:5   | Found a viscous altar of Jiyva.
 27032 | Lair:5   | Reached XP level 15. HP: 139/147 MP: 4/14
 28036 | Lair:5   | Found a runed translucent door.
 28221 | Lair:5   | Identified the +10 trident "Zaadydiu" {heavy, Will+ Int+4}
 28223 | Lair:5   | Paralysed by a hornet for 3 turns
 29941 | D:12     | Found a portal to a secret trove of treasure.
 30034 | D:12     | Found an opulent altar of Gozag.
 30036 | D:12     | Found Gozag's Platinum Reserve.
 30112 | D:13     | Received a gift from Trog
 30252 | D:13     | Reached skill level 1 in Ranged Weapons
 30749 | D:13     | Found a gate to the Vaults.
 31651 | D:14     | Found Uqiutod's Jewellery Emporium.
 31917 | D:15     | Entered Level 15 of the Dungeon
 32304 | D:15     | Noticed Rupert
 32319 | D:15     | Killed Rupert
 32320 | D:15     | Reached XP level 16. HP: 55/162 MP: 2/15
 33014 | D:15     | Found Aloraf's Magic Scroll Emporium.
 33021 | D:15     | Bought a scroll of identify for 40 gold pieces
 33021 | D:15     | Bought a scroll of identify for 40 gold pieces
 33276 | D:15     | Found a staircase to the Depths.
 33764 | Shoals:1 | Entered Level 1 of the Shoals
 33928 | Shoals:1 | Received a gift from Trog
 34130 | Shoals:1 | Found Ynoajis's One-of-a-Kind Rings.
 34140 | Shoals:1 | Bought the ring of Zeoch {rF++ rCorr} for 489 gold pieces
 34397 | Shoals:1 | Gained mutation: You are agile. (Dex +4, Str/Int -1)
                  | [potion of mutation]
 34397 | Shoals:1 | Gained mutation: Your mind is acute. (Int +4, Str/Dex -1)
                  | [potion of mutation]
 34397 | Shoals:1 | HP: 6/165 [merfolk/+0 trident[a merfolk aquamancer] (17)]
 34397 | Shoals:1 | Slain by a merfolk aquamancer

Illustrated notes

Levels and vault maps discovered:
D:1:      lemuel_arrival_rhombus, layout_loops_cross
D:2:      layout_loops_ring, dreamdust_ecumenical_altar_grove, serial_forest,
          infiniplex_forest_clump_double, infiniplex_forest_lined_2,
          infiniplex_forest_lined_room_, infiniplex_forest_3_way,
          infiniplex_forest_clump_double, infiniplex_forest_straight_4,
          infiniplex_forest_lined_3, infiniplex_forest_end_3,
          infiniplex_forest_lined_2, minmay_misc_feat_tiny, uniq_natasha
D:3:      layout_basic, lemuel_crystal_altar,
          mainiacjoe_overflow_large_starburst, grunt_decor_one_mirror,
          hangedman_feature_mirror
D:4:      layout_cave_pools, minmay_misc_feat_alley, nicolae_shop_vocational,
          uniq_duvessa, uniq_crazy_yiuf_cottage
D:5:      layout_loops_cross, minmay_temple_entry_glassed_door, serial_shops,
          nicolae_shop_real_fake_doors, uniq_grinder
D:6:      layout_basic, uniq_edmund, uniq_sigmund, uniq_prince_ribbit1
D:7:      layout_cave_pools, serial_shops, shop, shop,
          nicolae_shop_back_alley_shop, st_stairs_11, kennysheep_generic_room_6,
          uniq_pikel
D:8:      layout_loops_ring, nicolae_uskayaw_dance_studio,
          nicolae_overflow_squiral, amethyst_overflow_temple_binary,
          abandoned_shop
D:9:      layout_rooms, david_orc_3, serial_shops, nicolae_inconvenience_store,
          serial_bayou_pond_c, minmay_unpleasant_kobolds
D:10:     layout_gridville, tgw_xom, lemuel_crystal_altar, gammafunk_ghost_ooze,
          nicolae_wwwww
D:11:     layout_cave_pools, hellmonk_lair_entry_icy, ebering_ghost_gozag,
          nicolae_kikubaaqudgha_miasma_corner
D:12:     layout_long_grid, trove_entry_hex_spiral,
          nicolae_gozag_zags_fifth_avenue
D:13:     layout_roguey, hangedman_vaults_entry_quadrant_bands
D:14:     layout_loops_ring, serial_shops, kennysheep_mini, minivault_23
D:15:     grunt_enter_depths_snipers, layout_irregular_city, serial_shops,
          nicolae_shop_tiny_statue_garden, uniq_rupert
Lair:1:   layout_long_grid, guppyfry_lair_drakes, grunt_megastairs_4,
          lemuel_fruit_fields
Lair:2:   dragon1_lemuel, layout_gridlike, pdpol_lair_cavern_descent,
          grunt_megastairs_5
Lair:3:   layout_roguey, nicolae_shoals_entry_flooding,
          nicolae_snake_entry_warm_welcome, basic_altar,
          portal_ice_cave_entry_ice_simulacra, kennysheep_snail_temple,
          uniq_josephine
Lair:4:   lemuel_reptile_caves, layout_regular_city,
          nicolae_volcano_entry_vermiform, nicolae_lair_lindhole
Lair:5:   hangedman_lair_tendril_chambers, layout_loops_ring, wormcave,
          minmay_slime_entry_jelly_boxes, st_stairs_8,
          nicolae_lair_grove_arrangements, amcnicky_mini_pool_medium
Shoals:1: layout_shoals, nicolae_shop_unique_rings
Orc:1:    layout_caves, guppyfry_orc_lava_fort
Orc:2:    grunt_orc_community_town_hall, layout_diamond_mine,
          grunt_orc_community_big_house_2, grunt_orc_community_big_house_2,
          grunt_orc_community_house_1, grunt_orc_community_house_3,
          grunt_orc_community_house_2, grunt_orc_community_house_1,
          grunt_orc_community_house_2, grunt_orc_community_house_1

Skill      XL: |  1  2  3  4  5  6  7  8  9 10 11 12 13 14 15 16 |
---------------+-------------------------------------------------+-----
Long Blades    | 4 5 6 8 9 11 13 14 16 19 20 | 20.6
Fighting       | 4 5 6 7 8 10 12 14 16 17 19 20 | 20.7
Armour         | 3 4 7 9 |  9.0
Dodging        | 3 4 5 6 9 11 13 15 16 | 16.2
Evocations     | 1 2 |  2.4
Ranged Weapons | 2 |  2.0
Maces & Flails | |  0.2
Polearms       | |  0.1

Action                     |  1- 3 |  4- 6 |  7- 9 | 10-12 | 13-15 | 16-18 || total
---------------------------+-------+-------+-------+-------+-------+-------++-------
  Melee: Falchion          |    70 |   124 |   402 |  1114 |   137 |       ||  1847
         Headbutt          |     7 |    25 |    89 |   246 |   324 |    34 ||   725
         Punch             |       |       |     9 |    14 |     2 |       ||    25
         Great sword       |       |       |       |       |  1105 |   129 ||  1234
         Flail             |       |       |       |       |    41 |       ||    41
         Scimitar          |       |       |       |       |     8 |     3 ||    11
         Trident           |       |       |       |       |       |     8 ||     8
   Fire: Sling             |       |       |       |       |    11 |       ||    11
 Invoke: Berserk           |       |     6 |     8 |    10 |     7 |     1 ||    32
         Trog's Hand       |       |       |     1 |     9 |     7 |     1 ||    18
         Brothers in Arms  |       |       |       |     1 |     2 |       ||     3
  Evoke: Wand              |       |       |       |     3 |     5 |    14 ||    22
         Lightning rod     |       |       |       |       |     3 |       ||     3
    Use: Scroll            |       |     1 |     4 |     5 |    20 |     5 ||    35
         Potion            |       |       |     1 |       |     2 |     1 ||     4
   Stab: Petrified         |       |       |       |       |    17 |       ||    17
 Armour: Animal skin       |     8 |       |       |       |       |       ||     8
         Leather armour    |       |    23 |       |       |       |       ||    23
         Ring mail         |       |       |    80 |       |       |       ||    80
         Scale mail        |       |       |    60 |       |       |       ||    60
         Steam dragon scal |       |       |    14 |    37 |       |       ||    51
         Acid dragon scale |       |       |       |   146 |    86 |       ||   232
         Chain mail        |       |       |       |       |   238 |    52 ||   290
  Dodge: Dodged            |    59 |    60 |   246 |   949 |  1443 |   140 ||  2897
